 Dungeon Crawl Stone Soup version 0.23-a0-79-gaa8cc03057 (webtiles) character file.

25 LLavrengius the Insei (level 3, -1/24 HPs)
             Began as an Octopode Transmuter on Aug 12, 2018.
             Slain by a worm (4 damage)
             ... on level 2 of the Dungeon.
             The game lasted 00:02:39 (1172 turns).

LLavrengius the Insei (Octopode Transmuter)         Turns: 1172, Time: 00:02:40

Health: -1/24      AC:  1    Str:  9    XL:     3   Next: 6%
Magic:  6/6        EV: 13    Int: 16    God:
Gold:   39         SH:  0    Dex: 12    Spells: 3/6 levels left

rFire    . . .     SeeInvis .     - Unarmed
rCold    . . .     Gourm    .   (no shield)
rNeg     . . .     Faith    .   (helmet restricted)
rPois    .         Spirit   .   (no amulet)
rElec    .         Reflect  .   (no ring)
rCorr    .         Harm     .   (no ring)
MR       .....                  (no ring)
Stlth    ++........             (no ring)
HPRegen  0.08/turn              (no ring)
MPRegen  0.10/turn              (no ring)
                                (no ring)
                                (no ring)

@: no status effects
A: almost no armour, stealthy swim, amphibious, 8 rings, constrict 8, camouflage
1, gelatinous body 1
a: no special abilities


You were on level 2 of the Dungeon.
You were hungry.

You visited 1 branch of the dungeon, and saw 2 of its levels.

You collected 39 gold pieces.

Inventory:

Missiles
 a - 25 arrows
Scrolls
 b - 2 scrolls of fog {unknown}
 e - a scroll of teleportation {unknown}
 g - a scroll of identify {unknown}
 i - a scroll of amnesia {unknown}
Potions
 f - 5 potions of heal wounds {unknown}
 h - 2 potions of degeneration {unknown}
Comestibles
 c - a ration


   Skills:
 + Level 1.7 Fighting
 - Level 2.0 Dodging
 + Level 3.3 Unarmed Combat
 - Level 2.0 Spellcasting
 + Level 2.5 Transmutations


You had 3 spell levels left.
You knew the following spells:

 Your Spells              Type           Power        Failure   Level  Hunger
a - Beastly Appendage     Tmut           #.....       7%          1    #......
b - Sticks to Snakes      Tmut           #.......     11%         2    ###....

Your spell library contained the following spells:

 Spells                   Type           Power        Failure   Level  Hunger
 Spider Form              Tmut/Pois      #.........   36%         3    ###....
 Blade Hands              Tmut           #.........   89%         5    ######.
 Ice Form                 Ice/Tmut       #.......     77%         4    #####..


Dungeon Overview and Level Annotations

Branches:
Dungeon (2/15)

Altars:


Innate Abilities, Weirdness & Mutations

You cannot wear most types of armour.
You are very stealthy in the water. (Stealth+)
You are amphibious.
You can wear up to eight rings at the same time.
You can use your tentacles to constrict eight enemies at once.
Your skin changes colour to match your surroundings (Stealth+).
Your rubbery body absorbs attacks. (AC +1, EV +1)


Message History

You tentacle-slap the bat.
You kill the bat!
There is a stone staircase leading up here.
The worm bites you!
You barely miss the worm. You grab the worm.
You constrict the worm, but do no damage.
You tentacle-slap the worm but do no damage.
You constrict the worm, but do no damage.
The worm bites you.
You tentacle-slap the worm. You squeeze the worm.
The worm is moderately wounded.
You constrict the worm. You tentacle-slap the worm.
The worm is heavily wounded.
You constrict the worm. The worm bites you!
* * * LOW HITPOINT WARNING * * *
You tentacle-slap the worm.
The worm is severely wounded.
You constrict the worm. The worm bites you.
You die...

########.#
#######...@w...#
...............#
######..%....##
#..<..........#
#.####.......#.#
#. #.......# .#
#. #.......# #
#. ######...# #.
####


You could see a worm.

Vanquished Creatures
  2 goblins (D:1)
  2 hobgoblins (D:1)
  7 jackals (D:1)
  2 kobolds (D:1)
  3 bats
  3 frilled lizards (D:1)
  6 rats (D:1)
25 creatures vanquished.

Notes
Turn   | Place    | Note
-------+----------+-------------------------------------------
     0 | D:1      | LLavrengius the Octopode Transmuter began the quest for the Orb.
     0 | D:1      | Reached XP level 1. HP: 13/13 MP: 3/3
   307 | D:1      | Reached XP level 2. HP: 18/18 MP: 5/5
   313 | D:1      | Learned a level 2 spell: Sticks to Snakes
   750 | D:1      | Reached XP level 3. HP: 24/24 MP: 6/6
  1172 | D:2      | Slain by a worm

Vault maps used:
D:1:      dpeg_arrival_arbitrary_b, kennysheep_boxes
D:2:      uniq_crazy_yiuf_cottage

Action                   || total
-------------------------++-------
Melee: Unarmed           ||    60
       Constrict         ||    15
       Tentacles         ||    12
       Kick              ||     1
       Punch             ||     1
 Cast: Beastly Appendage ||     3
 Stab: Sleeping          ||     3
Armor: Skin              ||     3
Dodge: Dodged            ||    33

Table legend:
 A = Non-vault XP
 B = Vault XP
 C = Vault XP percentage of total XP
 D = Non-vault monster count
 E = Vault monster count
 F = Vault count percentage of total count
 G = Total turns spent on level
                 A         B        C        D         E       F
            +---------+---------+-------+---------+---------+-------
      Total |      37 |       0 |   0.0 |      25 |       0 |   0.0
            +---------+---------+-------+---------+---------+-------
        D:1 |      36 |       0 |   0.0 |      24 |       0 |   0.0
        D:2 |       1 |       0 |   0.0 |       1 |       0 |   0.0
            +---------+---------+-------+---------+---------+-------
